 Dungeon Crawl Stone Soup version 0.28.0-53-g5a82cb258f (webtiles) character file.

Game seed: 535342669536700065

52 DildoBatman the Conjurer (level 4, 0/32 HPs)
             Began as a Formicid Conjurer on July 14, 2022.
             Killed from afar by a dart slug (4 damage)
             ... with a slug dart
             ... on level 5 of the Dungeon.
             The game lasted 00:03:19 (1309 turns).

DildoBatman the Conjurer (Formicid Conjurer)        Turns: 1309, Time: 00:03:19

Health: 0/32       AC:  4    Str: 12    XL:     4   Next: 8%
Magic:  7/8        EV: 12    Int: 17    God:
Gold:   102        SH:  0    Dex: 11    Spells: 5/8 levels left

rFire   . . .      SeeInvis +   h - +0 short sword
rCold   . . .      Faith    .   (no shield)
rNeg    . . .      Spirit   .   a - +0 robe
rPois   .          Reflect  .   (helmet unavailable)
rElec   .          Harm     .   (no cloak)
rCorr   .          Rampage  .   e - +1 pair of gloves
Will    .....                   (no boots)
Stlth   ++........              (no amulet)
HPRegen 0.10/turn               (no ring)
MPRegen 0.11/turn               (no ring)

@: no status effects
A: permanent stasis, dig shafts and tunnels, antennae 3, four strong arms
a: Dig, Shaft Self


You were on level 5 of the Dungeon.
You visited 1 branch of the dungeon, and saw 4 of its levels.

You collected 102 gold pieces.

Inventory:

Hand Weapons
 f - a +0 club
 h - a +0 short sword (weapon)
Missiles
 c - 66 stones
Armour
 a - a +0 robe (worn)
 e - a +1 pair of gloves (worn)
Scrolls
 b - a scroll of teleportation {unknown}
 g - a scroll of enchant armour {unknown}
Potions
 d - 2 potions of flight {unknown}


   Skills:
 * Level 1.5 Fighting
 * Level 1.5 Armour
 - Level 2.0 Dodging
 - Level 2.4 Stealth
 * Level 2.7 Spellcasting
 * Level 3.9 Conjurations


You had 5 spell levels left.
You knew the following spells:

 Your Spells              Type           Power      Damage    Failure   Level
a - Searing Ray           Conj           30%        2d5       5%          2
c - Magic Dart            Conj           60%        1d6       3%          1

Your spell library contained the following spells:

 Spells                   Type           Power      Damage    Failure   Level
 Dazzling Flash           Conj/Hex       18%        N/A       24%         3
 Fulminant Prism          Conj/Hex       4%         3d6       63%         4
 Iskenderun's Mystic Bla  Conj/Tloc      9%         2d4       63%         4


Dungeon Overview and Level Annotations

Branches:
Dungeon (2/15)

Altars:

Shops:
D:1 (

Annotations:
D:1 1 exclusion
D:2 Terence


Innate Abilities, Weirdness & Mutations

You cannot be hasted, slowed, berserked, paralysed or teleported.
You can dig through walls and to a lower floor.
You have a pair of large antennae on your head. (SInv)
Your four strong arms can wield two-handed weapons with a shield.


Message History

The dart slug bites you but does no damage.
What are your orders? t - Shout!
Orders for allies: a - Attack new target. r - Retreat! s - Stop attacking. g - Guard the area. f - Follow me.
Anything else - Cancel.
You shout for attention!
The hound misses you. x2
The dart slug barely misses you. What are your orders? t - Shout!
Orders for allies: a - Attack new target. r - Retreat! s - Stop attacking. g - Guard the area. f - Follow me.
Anything else - Cancel.
You shout for attention!
The hound bites you. What are your orders? t - Shout!
Orders for allies: a - Attack new target. r - Retreat! s - Stop attacking. g - Guard the area. f - Follow me.
Anything else - Cancel.
You shout for attention!
The hound closely misses you. The dart slug launches a dart at you.
The slug dart hits you. The hound completely misses you.
What are your orders? t - Shout!
Orders for allies: a - Attack new target. r - Retreat! s - Stop attacking. g - Guard the area. f - Follow me.
Anything else - Cancel.
You shout for attention!
The hound closely misses you. The dart slug launches a dart at you.
The slug dart hits you.
You die...

. .## ..( ####
#.. .....
..##... ##.
#.#..#
.....##....##..
......h@w......
.##...#.##.....
#.. #.# ... ##
..# . ###


You could see a hound and a dart slug.

Vanquished Creatures
  An adder (D:2)
  A worm (D:2)
  2 dart slugs (D:1)
  7 ball pythons
  2 endoplasms
  2 giant cockroaches (D:1)
  2 hobgoblins
  6 jackals
  3 kobolds (D:2)
  A bat (D:1)
  5 frilled lizards
  3 rats
35 creatures vanquished.

Notes
Turn   | Place    | Note
-------+----------+-------------------------------------------
     0 | D:1      | DildoBatman the Formicid Conjurer began the quest for the
                  | Orb.
     0 | D:1      | Reached XP level 1. HP: 13/13 MP: 3/3
   169 | D:1      | Reached XP level 2. HP: 8/20 MP: 1/5
   172 | D:1      | Learned a level 2 spell: Searing Ray
   349 | D:1      | Found Feoganw Houxt's Weapon Shoppe.
   490 | D:1      | Reached skill level 1 in Armour
   533 | D:1      | Reached skill level 1 in Fighting
   533 | D:1      | Reached XP level 3. HP: 20/26 MP: 1/6
   675 | D:2      | Noticed Terence
   922 | D:2      | Found a faded altar of an unknown god.
  1253 | D:2      | Reached XP level 4. HP: 32/32 MP: 1/8
  1255 | D:2      | You fall into a shaft and drop 1 floor!
  1280 | D:3      | You fall into a shaft and drop 2 floors!
  1280 | D:5      | Entered Level 5 of the Dungeon
  1309 | D:5      | Killed from afar by a dart slug

Illustrated notes

Levels and vault maps discovered:
D:1:      lemuel_arrival_hallway, layout_basic, serial_shops,
          nicolae_shop_bloodbath_and_beyond, minmay_rat_gold_closets
D:2:      layout_basic, nicolae_ecumenical_snake_handling, grunt_decor_junction,
          hangedman_abyss_or_decor_stabs, uniq_terence
D:3:      layout_loops_ring, minmay_stone_trees_small, uniq_ijyb
D:5:      layout_rooms, minmay_temple_entry_grid, nicolae_ossuary_entry_giza,
          minivault_14, uniq_crazy_yiuf_cottage, uniq_menkaure

Skill      XL: |  1  2 |
---------------+-------+-----
Dodging        | 2 |  2.0
Armour         | 1 |  1.5
Fighting       | 1 |  1.5
Stealth        | |  2.4
Spellcasting   | |  2.7
Conjurations   | |  3.9

Action                   |  1- 3 |  4- 6 || total
-------------------------+-------+-------++-------
Melee: Unarmed           |     8 |       ||     8
       Club              |     8 |       ||     8
       Short sword       |     7 |       ||     7
 Cast: Magic Dart        |    34 |       ||    34
       Searing Ray       |     8 |       ||     8
 Abil: Shaft Self        |       |     2 ||     2
 Stab: Sleeping          |     1 |       ||     1
Armor: Robe              |     4 |     8 ||    12
Dodge: Dodged            |    28 |    31 ||    59
